 Dungeon Crawl Stone Soup version 0.26.0-10-g1f06aea511 (webtiles) character file.

Game seed: 7862417831794626735

1346 septik the Cudgeller (level 8, -8/71 HPs)
             Began as a Minotaur Berserker on Jan 29, 2021.
             Was an Elder of Trog.
             Mangled by an orc warrior
             ... wielding a +0 long sword
              (14 damage)
             ... on level 6 of the Dungeon.
             The game lasted 00:07:40 (4635 turns).

septik the Cudgeller (Minotaur Berserker)           Turns: 4635, Time: 00:07:40

Health: -8/71      AC:  7    Str: 23    XL:     8   Next: 36%
Magic:  7/7        EV: 14    Int:  4    God:    Trog [****..]
Gold:   396        SH:  0    Dex: 11    Spells: 7/7 levels left

rFire    . . .     SeeInvis .   e - +2 whip (venom)
rCold    . . .     Faith    .   (no shield)
rNeg     . . .     Spirit   .   v - +0 troll leather armour {Purgy}
rPois    .         Reflect  .   (helmet restricted)
rElec    .         Harm     .   z - +0 cloak
rCorr    .         Rampage  .   (no gloves)
Will     .....                  q - +0 pair of boots
Stlth    +.........             (no amulet)
HPRegen  0.61/turn              (no ring)
MPRegen  0.10/turn              (no ring)

@: berserk cooldown, slowed, very slow
A: retaliatory headbutt, horns 2
a: Renounce Religion, Berserk, Trog's Hand, Brothers in Arms


You were on level 6 of the Dungeon.
You worshipped Trog.
Trog was greatly pleased with you.
You visited 1 branch of the dungeon, and saw 6 of its levels.
You also visited: Ossuary.

You collected 396 gold pieces.

Inventory:

Hand Weapons
 a - a +0 hand axe
 e - a +2 whip of venom (weapon)
Armour
 b - a +0 animal skin
 q - a +0 pair of boots (worn)
 v - a +0 troll leather armour (worn) {Purgy}
 z - a +0 cloak (worn)
Jewellery
 f - an uncursed ring of wizardry
 y - an uncursed ring of willpower {unknown}
Wands
 w - a wand of paralysis (6)
Scrolls
 c - a scroll of blinking
 k - 12 scrolls of identify
 l - 9 scrolls of remove curse
 m - 2 scrolls of random uselessness {unknown}
 n - a scroll of immolation
 p - 2 scrolls of enchant armour {unknown}
 x - 3 scrolls of enchant weapon {unknown}
 A - a scroll of magic mapping {unknown}
Potions
 d - a potion of heal wounds {unknown}
 g - 4 potions of brilliance {unknown}
 h - a potion of degeneration {unknown}
 i - 6 potions of curing {unknown}
 j - a potion of flight {unknown}
 o - a potion of might {unknown}
 r - a potion of resistance {unknown}
 s - 5 potions of attraction {unknown}
 t - a potion of ambrosia {unknown}
 u - a potion of invisibility {unknown}


   Skills:
 + Level 6.5 Fighting
 - Level 3.6(6.1) Axes
 * Level 7.6(8.0) Maces & Flails
 + Level 6.0 Armour
 + Level 5.4 Dodging


You had 7 spell levels left.
You didn't know any spells.
Your spell library was empty.

Dungeon Overview and Level Annotations

Branches:
Dungeon (6/15)            Ossuary (visited)
 Temple: D:4-7

Altars:


Innate Abilities, Weirdness & Mutations

You reflexively headbutt those who attack you in melee.
You have a pair of horns on your head.


Message History

An orc wizard comes into view. It is wielding a +0 dagger.
The orc warrior hits you with a +0 long sword!
The orc wizard looks satisfied for a moment.
You hit the orc warrior but do no damage.
The orc warrior looks as sick as possible!
The orc warrior is heavily wounded.
The orc wizard misses you.
The orc warrior hits you with a +0 long sword!
Unknown command.
You are too injured to fight recklessly!
You are too injured to fight recklessly!
An orc comes into view. It is wielding a +0 flail.
The orc wizard barely misses you.
The orc wizard hits you but does no damage.
The orc warrior hits you with a +0 long sword!!
* * * LOW HITPOINT WARNING * * *
The orc wizard barely misses you. You furiously retaliate!
You headbutt the orc wizard.
The orc warrior hits you with a +0 long sword!
You die...

....... .... #.............
. ..... #............ ...
..... #.......#.o#.....
...... #.....o...##....#
...!..##...........#..###.
#.....#............#.......
#..........=..o.#..........
...........(.@o............
............<..............
###........................
##........##.#...$.......
##..(.....###....)......
..........# #...))...##
##.......##......†)...#
#.......................
..........(...........#.


You could see an orc warrior (very poisoned), 2 orc wizards and an orc
(wandering).

Vanquished Creatures
  Sigmund (D:2)
  The ghost of kuzco6543 the Changer, an amateur DrTm of Sif Muna (D:4)
  Purgy (D:4)
  A sky beast (D:6)
  An ice beast (D:5)
  An ogre (D:5)
  A centaur (D:5)
  A hound (D:4)
  2 orc priests (D:4)
  A gnoll shaman (D:6)
  3 iguanas
  2 orc wizards
  3 worker ants
  2 big kobold zombies (Ossuary)
  A hound zombie (Ossuary)
  4 mummies (Ossuary)
  3 gnolls (D:6)
  4 adders
  A shadow imp (D:6)
  3 oozes
  An adder zombie (D:5)
  3 worms
  3 dart slugs
  A leopard gecko (D:1)
  15 orcs
  A bat (D:2)
  11 goblins
  3 hobgoblins
  4 jackals (D:2)
  14 kobolds
  A quokka (D:3)
  5 frilled lizards
  A goblin zombie (Ossuary)
  A hobgoblin zombie (Ossuary)
  2 jackal zombies (Ossuary)
  An orc zombie (Ossuary)
  A quokka skeleton (D:5)
  14 rats
  4 rat zombies (Ossuary)
123 creatures vanquished.

Notes
Turn   | Place    | Note
-------+----------+-------------------------------------------
     0 | D:1      | septik the Minotaur Berserker began the quest for the Orb.
     0 | D:1      | Reached XP level 1. HP: 19/19 MP: 0/0
   183 | D:1      | Reached skill level 1 in Maces & Flails
   415 | D:1      | Reached XP level 2. HP: 27/27 MP: 1/1
   982 | D:2      | Noticed Sigmund
   995 | D:2      | Killed Sigmund
   995 | D:2      | Reached ** piety under Trog
   996 | D:2      | Reached skill level 3 in Maces & Flails
   996 | D:2      | Reached XP level 3. HP: 28/34 MP: 2/2
   996 | D:2      | Reached XP level 4. HP: 34/41 MP: 3/3
   996 | D:2      | Reached XP level 5. HP: 39/47 MP: 4/4
  1921 | D:3      | Reached skill level 4 in Maces & Flails
  2261 | D:3      | Found a faded altar of an unknown god.
  2271 | D:3      | Reached XP level 6. HP: 53/55 MP: 5/5
  2441 | D:3      | You fall into a shaft and drop 1 floor!
  2475 | D:4      | Found a sand-covered staircase.
  2480 | Ossuary  | Entered an ossuary
  2491 | Ossuary  | Reached *** piety under Trog
  2702 | Ossuary  | Reached skill level 5 in Fighting
  3045 | D:4      | Reached skill level 5 in Maces & Flails
  3083 | D:4      | Noticed Purgy
  3095 | D:4      | Killed Purgy
  3096 | D:4      | Reached XP level 7. HP: 40/61 MP: 6/6
  3514 | D:4      | Reached skill level 5 in Armour
  3548 | D:4      | Found a runed translucent door.
  3549 | D:4      | Noticed kuzco6543's ghost (amateur DrTm)
  3659 | D:4      | Killed kuzco6543's ghost
  3660 | D:4      | Reached skill level 6 in Maces & Flails
  3712 | D:5      | Entered Level 5 of the Dungeon
  3904 | D:5      | Reached **** piety under Trog
  3905 | D:5      | Reached skill level 5 in Dodging
  3905 | D:5      | Reached XP level 8. HP: 35/70 MP: 7/7
  4047 | D:5      | Reached skill level 7 in Maces & Flails
  4635 | D:6      | Mangled by an orc warrior

Illustrated notes

Levels and vault maps discovered:
D:1:      nzn_arrival_settlement, layout_loops_cross,
          chequers_serial_rivers_micro_b
D:2:      layout_basic, uniq_sigmund
D:3:      layout_loops_ring, chequers_ecumenical_altar_simple_redux
D:4:      layout_basic, ebering_ghost_reflecting_pool, enter_ossuary_5,
          uniq_purgy
D:5:      layout_loops_ring
D:6:      layout_cave_pools, lemuel_round_altar, minmay_temple_entry_mist

Skill      XL: |  1  2  3  4  5  6  7  8 |
---------------+-------------------------+-----
Maces & Flails | 1 3 4 5 6 7 |  7.6
Fighting       | 4 5 6 |  6.5
Armour         | 3 4 5 6 |  6.0
Dodging        | 3 4 5 |  5.4
Axes           | |  3.6

Action                   |  1- 3 |  4- 6 |  7- 9 || total
-------------------------+-------+-------+-------++-------
Melee: Hand axe          |    14 |    32 |       ||    46
       Headbutt          |     4 |    22 |    17 ||    43
       Whip              |    22 |   101 |   105 ||   228
Invok: Berserk           |     1 |     1 |     2 ||     4
  Use: Scroll            |       |     7 |       ||     7
Armor: Animal skin       |     2 |    21 |     1 ||    24
       Troll leather arm |       |       |    15 ||    15
Dodge: Dodged            |    28 |   110 |    45 ||   183
